 Dungeon Crawl Stone Soup version 0.23-b1-49-g13d5857 (webtiles) character file.

Game seed: 7139221256300125417

2123 Kairos the Chopper (level 9, -11/46 HPs)
             Began as a Vine Stalker Fighter on Feb 3, 2019.
             Was a Follower of Okawaru.
             Mangled by an orc warrior
             ... wielding a +0 glaive
              (21 damage)
             ... on level 6 of the Dungeon.
             The game lasted 00:08:33 (5523 turns).

Kairos the Chopper (Vine Stalker Fighter)           Turns: 5523, Time: 00:08:34

Health: -11/46     AC: 13    Str: 21    XL:     9   Next: 29%
Magic:  0/10       EV:  5    Int:  8    God:    Okawaru [*.....]
Gold:   138        SH: 10    Dex: 15    Spells: 8/8 levels left

rFire    . . .     SeeInvis .   a - +0 war axe
rCold    . . .     Gourm    .   c - +0 shield
rNeg     . . .     Faith    +   x - +0 plate armour
rPois    .         Spirit   +   (no helmet)
rElec    .         Reflect  .   n - +0 cloak
rCorr    .         Harm     .   (no gloves)
MR       +....                  (no boots)
Stlth    ..........             i - amulet of faith
HPRegen  0.55/turn              l - ring of flight
MPRegen  0.12/turn              (no ring)

@: no status effects
A: fangs 3, regeneration 1, magic shield, antimagic bite, no potion heal 3, rot
immunity
a: Heroism, Renounce Religion, Evoke Flight


You were on level 6 of the Dungeon.
You worshipped Okawaru.
Okawaru was aware of your devotion.
You were not hungry.

You visited 2 branches of the dungeon, and saw 7 of its levels.
You also visited: Sewer.

You collected 138 gold pieces.

Inventory:

Hand Weapons
 a - a +0 war axe (weapon)
 v - a +2 flail of holy wrath
Armour
 b - a +0 scale mail
 c - a +0 shield (worn)
 n - a +0 cloak (worn)
 x - a +0 plate armour (worn)
Jewellery
 h - a +2 amulet of reflection
 i - an amulet of faith (around neck)
 l - a ring of flight (left hand)
 m - an uncursed ring of fire {unknown}
 r - an uncursed amulet of magic regeneration
Wands
 u - a wand of digging (9)
 y - a wand of polymorph (4)
Scrolls
 j - 3 scrolls of immolation
 p - 2 scrolls of fog
 q - 3 scrolls of remove curse
 s - 3 scrolls of teleportation
 B - a scroll of fear {unknown}
 D - a scroll of identify
Potions
 d - 2 potions of might
 e - a potion of agility
 g - 2 potions of flight
 k - a potion of resistance {unknown}
 o - 2 potions of haste
 t - a potion of lignification {unknown}
 w - a potion of magic {unknown}
 z - a potion of cancellation {unknown}
 A - a potion of invisibility {unknown}
Comestibles
 f - 12 rations
 C - 3 chunks of flesh


   Skills:
 + Level 4.7 Fighting
 + Level 7.1 Axes
 + Level 5.2 Armour
 + Level 1.2 Dodging
 + Level 5.9 Shields


You had 8 spell levels left.
You didn't know any spells.
Your spell library was empty.

Dungeon Overview and Level Annotations

Branches:
Dungeon (6/15)             Temple (1/1) D:5

Altars:
Ashenzari
Cheibriados
Fedhas
Kikubaaqudgha
Makhleb
Nemelex Xobeh
Okawaru
Qazlal
Ru
Trog
Uskayaw
Vehumet
Wu Jian
Xom
Yredelemnul


Innate Abilities, Weirdness & Mutations

You have razor-sharp teeth.
Your natural rate of healing is unusually fast.
When hurt, damage is shared between your health and your magic reserves.
Your bite disrupts and absorbs the magic of your enemies.
Potions cannot restore your health.
You are immune to rotting.


Message History

You block the orc warrior's attack.
You hit the orc warrior but do no damage.
Your bite misses the orc warrior. You barely miss the orc.
You block the orc's attack.
The orc warrior hits you with a +0 glaive!
* * * LOW HITPOINT WARNING * * *
You hit the orc warrior but do no damage.
Your bite misses the orc warrior. You hit the orc.
The orc hits you but does no damage.
The orc warrior hits you with a +0 glaive.
* * * LOW HITPOINT WARNING * * *
Your plate armour prevents you from hitting the orc warrior.
You hit the orc.
You kill the orc!
Okawaru accepts your kill.
You feel like a meek peon again.
You hit the orc warrior but do no damage.
You bite the orc warrior, but do no damage.
The orc warrior hits you with a +0 glaive!!
You die...

#....# #####+#########'#####
#......##...#........ ...#
#......#....#........ ...#
#......#....#........ ...#
#......#....#........ ...#
#......'....#........
...##########......#....#........
.......o...[..))@..###'##........
.............#+##o...............
.............#..#................
.............#÷.+................
............o....................
###.......######.....####........
#.......#≈≈≈≈#.#####..#........
#..)....#≈≈≈≈#........#........
#.......#≈.≈≈#........#........


You could see an orc warrior.

Vanquished Creatures
  Sigmund (D:5)
  A hungry ghost (D:4)
  Edmund (D:4)
  Duvessa (D:5)
  A sky beast (D:4)
  2 ice beasts (D:5)
  4 ogres
  Blork the orc (D:5)
  A water moccasin zombie (D:5)
  Dowan (D:5)
  A scorpion (D:4)
  3 crimson imps
  3 hounds
  3 orc priests
  A jelly (D:6)
  2 orc wizards
  Ijyb (D:5)
  3 worker ants
  3 iguanas
  3 hound zombies (D:5)
  A howler monkey skeleton (D:5)
  8 adders
  A shadow imp (D:5)
  An ooze (D:5)
  An adder zombie (D:5)
  2 worms
  2 dart slugs
  2 leopard geckos
  12 orcs
  2 ball pythons
  3 giant cockroaches
  5 goblins
  6 hobgoblins
  10 jackals
  2 quokkas
  10 bats
  13 frilled lizards
  3 kobolds
  A leopard gecko skeleton (D:5)
  A quokka zombie (D:5)
  11 rats
134 creatures vanquished.

Notes
Turn   | Place    | Note
-------+----------+-------------------------------------------
     0 | D:1      | Kairos the Vine Stalker Fighter began the quest for the
                  | Orb.
     0 | D:1      | Reached XP level 1. HP: 11/11 MP: 2/2
   109 | D:1      | Reached XP level 2. HP: 16/16 MP: 3/3
   690 | D:1      | Reached XP level 3. HP: 17/19 MP: 2/4
  1077 | D:2      | Reached skill level 2 in Axes
  1179 | D:2      | Found an ornate altar of the Wu Jian Council.
  1181 | D:2      | Found a blossoming altar of Fedhas.
  1181 | D:2      | Found a shimmering altar of Xom.
  1183 | D:2      | Found a shattered altar of Ashenzari.
  1183 | D:2      | Found a basalt altar of Yredelemnul.
  1183 | D:2      | Found a burning altar of Makhleb.
  1337 | D:2      | Found a snail-covered altar of Cheibriados.
  1453 | D:3      | Gained mutation: Your natural rate of healing is unusually
                  | fast. [Vine Stalker growth]
  1453 | D:3      | Reached XP level 4. HP: 23/23 MP: 5/5
  1691 | D:3      | Found an ancient bone altar of Kikubaaqudgha.
  2331 | D:4      | Reached XP level 5. HP: 24/28 MP: 6/6
  2379 | D:4      | Reached skill level 3 in Axes
  2457 | D:4      | Noticed Edmund
  2488 | D:4      | Killed Edmund
  2488 | D:4      | Reached XP level 6. HP: 24/32 MP: 5/7
  2497 | D:4      | Found a sparkling altar of Nemelex Xobeh.
  2751 | D:4      | Reached skill level 4 in Axes
  3022 | D:5      | Entered Level 5 of the Dungeon
  3035 | D:5      | Reached XP level 7. HP: 36/36 MP: 8/8
  3112 | D:5      | Reached skill level 1 in Dodging
  3676 | D:5      | Noticed Sigmund
  3678 | D:5      | Noticed a hungry ghost
  3748 | D:4      | Killed a hungry ghost
  3748 | D:4      | Reached skill level 5 in Axes
  3758 | D:5      | Gained mutation: You have razor-sharp teeth. [Vine Stalker
                  | growth]
  3758 | D:5      | Reached XP level 8. HP: 41/42 MP: 9/9
  3765 | D:5      | Killed Sigmund
  3775 | D:5      | Noticed Ijyb
  3788 | D:5      | Killed Ijyb
  3954 | D:5      | Found a basalt altar of Yredelemnul.
  4035 | D:5      | Found a staircase to the Ecumenical Temple.
  4055 | Temple   | Entered the Ecumenical Temple
  4086 | Temple   | Became a worshipper of Warmaster Okawaru
  4123 | D:5      | Reached skill level 5 in Shields
  4171 | D:5      | Reached skill level 6 in Axes
  4227 | D:5      | Noticed Blork the orc
  4233 | D:5      | Killed Blork the orc
  4233 | D:5      | Reached skill level 5 in Armour
  4322 | D:5      | Noticed Dowan
  4323 | D:5      | Noticed Duvessa
  4346 | D:5      | Killed Duvessa
  4346 | D:5      | Reached * piety under Okawaru
  4346 | D:5      | Reached XP level 9. HP: 11/46 MP: 6/10
  4348 | D:5      | Killed Dowan
  4723 | D:6      | Found a glowing drain.
  4749 | Sewer    | Entered a sewer
  5290 | D:6      | Found a blossoming altar of Fedhas.
  5300 | D:6      | Reached skill level 7 in Axes
  5523 | D:6      | Mangled by an orc warrior

Skill      XL: |  1  2  3  4  5  6  7  8  9 |
---------------+----------------------------+-----
Shields        | 3 4 5 |  5.9
Axes           | 2 3 4 5 6 7 |  7.1
Armour         | 3 4 5 |  5.2
Fighting       | 3 4 |  4.7
Dodging        | 1 |  1.2

Action                   |  1- 3 |  4- 6 |  7- 9 || total
-------------------------+-------+-------+-------++-------
Melee: War axe           |    81 |   105 |   303 ||   489
       Bite              |    18 |    27 |    99 ||   144
Invok: Heroism           |       |       |     1 ||     1
  Use: Scroll            |       |     3 |     2 ||     5
       Potion            |       |       |     4 ||     4
  Eat: Chunk             |     1 |     6 |     9 ||    16
       Ration            |       |       |     3 ||     3
Armor: Scale mail        |    36 |    33 |    23 ||    92
       Plate armour      |       |       |   116 ||   116
Dodge: Dodged            |    29 |    28 |    62 ||   119
Block: Shield            |    39 |    66 |   164 ||   269
       Reflection        |     1 |       |     2 ||     3
